 Dungeon Crawl Stone Soup version coffee-0.2.0 (webtiles) character file.

Game seed: 3281919349692696899, levelgen mode: deterministic

28357 Dorkslayer the Carver (level 13, -4/90 HPs)
             Began as an Octopode Fighter on Nov 4, 2020.
             Was a High Priest of Dithmenos.
             Slain by a tentacled monstrosity (9 damage)
             ... in the Realm of Zot.
             The game lasted 00:44:52 (10468 turns).

Dorkslayer the Carver (Octopode Fighter)           Turns: 10468, Time: 00:44:54

Health: -4/90      AC:  3    Str: 20    XL:     13   Next: 38%
Magic:  19/19      EV: 16    Int: 11    God:    Dithmenos [*****.]
Gold:   211        SH: 13    Dex: 11    Spells: 12/12 levels left

rFire    + + .     SeeInvis .   w - +9 scimitar (flame)
rCold    + . .     Gourm    .   b - +1 kite shield
rNeg     + . .     Faith    .   n - +2 hat
rPois    .         Spirit   .   E - amulet of the acrobat
rElec    .         Reflect  .   h - ring of protection from fire
rCorr    .         Harm     .   f - +1 ring of slaying
MR       .....                  v - ring of protection from fire
Stlth    +++++++++.             C - ring of positive energy
HPRegen  0.25/turn              G - ring of protection from cold
MPRegen  0.16/turn              I - +2 ring of evasion
                                (no ring)
                                (no ring)

@: wreathed by umbra, constricted, studying Unarmed Combat
A: almost no armour, stealthy swim, amphibious, 8 rings, constrict 8, camouflage
1, gelatinous body 1
a: Shadow Step, Shadow Form, Renounce Religion


You were in the Realm of Zot.
You worshipped Dithmenos.
Dithmenos was extremely pleased with you.
You were not hungry.

You visited 3 branches of the dungeon, and saw 12 of its levels.

You collected 1225 gold pieces.
You spent 1014 gold pieces at shops.

Inventory:

Hand Weapons
 w - a +9 scimitar of flaming (weapon)
Missiles
 u - 48 poisoned darts (quivered)
 A - 8 javelins
 D - 4 throwing nets
Armour
 b - a +1 kite shield (worn)
 n - a +2 hat (worn)
Jewellery
 f - a +1 ring of slaying (right tentacle)
 h - a ring of protection from fire (left tentacle)
 v - a ring of protection from fire (on tentacle)
 C - a ring of positive energy (on tentacle)
 E - an amulet of the acrobat (around mantle)
 G - a ring of protection from cold (on tentacle)
 I - a +2 ring of evasion (on tentacle)
Wands
 k - a wand of flame (14)
 t - a wand of random effects (25)
Scrolls
 a - a scroll of brand weapon
 j - 3 scrolls of fear
 l - a scroll of blinking
 m - a scroll of holy word
 q - a scroll of amnesia
 r - 8 scrolls of teleportation
 s - 2 scrolls of silence
 y - 2 scrolls of remove curse
 J - a scroll of magic mapping
Potions
 c - 2 potions of lignification
 e - 2 potions of curing
 g - 5 potions of flight
 i - 3 potions of brilliance
 o - 4 potions of stabbing
 p - 2 potions of cancellation
 x - a potion of resistance
 z - a potion of mutation
Books
 H - a manual of Unarmed Combat
Comestibles
 d - 14 rations


   Skills:
 * Level 8.9(11.4) Fighting
   Level 0.6(9.6) Short Blades
 * Level 13.3(13.8) Long Blades
 + Level 3.0 Throwing
 * Level 6.6(10.6) Dodging
 + Level 10.4(14.6) Stealth
 + Level 6.0(10.4) Shields
 * Level 5.9(10.6) Unarmed Combat
 * Level 8.4(9.7) Invocations
 * Level 7.8(9.4) Evocations


You had 12 spell levels left.
You didn't know any spells.
Your spell library contained the following spells:

 Spells                   Type           Power        Failure   Level  Hunger
 Sting                    Tmut/Pois      #...         13%         1    None
 Passwall                 Tmut/Erth      #.......     19%         2    #......
 Corona                   Hex            #......      24%         1    None
 Animate Skeleton         Necr           N/A          26%         1    None
 Apportation              Tloc           #.....       26%         1    None
 Magic Dart               Conj           #...         26%         1    None
 Sandblast                Erth           #.....       26%         1    None
 Summon Butterflies       Summ           #.......     26%         1    None
 Summon Small Mammal      Summ           #...         26%         1    None
 Slow                     Hex            #.......     36%         2    #......
 Blink                    Tloc           N/A          38%         2    #......
 Call Imp                 Summ           #.......     38%         2    #......
 Poisonous Vapours        Pois/Air       #.....       38%         2    #......
 Summon Ice Beast         Ice/Summ       ##......     41%         4    ####...
 Ignite Poison            Fire/Tmut/Pois #.......     45%         3    ##.....
 Summon Guardian Golem    Hex/Summ       #.......     58%         3    ##.....
 Tukima's Dance           Hex            #.......     58%         3    ##.....
 Call Canine Familiar     Summ           #.......     63%         3    ##.....
 Conjure Flame            Conj/Fire      #.......     63%         3    ##.....
 Lesser Beckoning         Tloc           #.........   63%         3    ##.....
 Mephitic Cloud           Conj/Pois/Air  #.......     63%         3    ##.....
 Stone Arrow              Conj/Erth      #.....       63%         3    ##.....
 Petrify                  Tmut/Erth      #.......     77%         4    ####...
 Olgreb's Toxic Radiance  Pois           #.......     95%         4    ####...
 Summon Lightning Spire   Summ/Air       #.......     95%         4    ####...
 Alistair's Intoxication  Tmut/Pois      #.......     98%         5    ######.
 Lee's Rapid Deconstruct  Erth           #.........   100%        5    ######.
 Eringya's Noxious Bog    Tmut/Pois      #.........   100%        6    #######
 Invisibility             Hex            #.......     100%        6    #######
 Shadow Creatures         Summ           N/A          100%        6    #######


Dungeon Overview and Level Annotations

Branches:
Dungeon (10/10)            Temple (1/1) D:2             Zot (1/1) D:10

Altars:
Ashenzari
Cheibriados
Dithmenos
Elyvilon
Fedhas
Gozag
Hepliaklqana
Kikubaaqudgha
Makhleb
Nemelex Xobeh
Okawaru
Qazlal
Ru
Sif Muna
Trog
Uskayaw
Vehumet
Wu Jian
Xom
Yredelemnul
Zin
The Shining One

Shops:
D:8 *?   Zot *


Innate Abilities, Weirdness & Mutations

You cannot wear most types of armour.
You are very stealthy in the water. (Stealth+)
You are amphibious.
You can wear up to eight rings at the same time.
You can use your tentacles to constrict eight enemies at once.
Your skin changes colour to match your surroundings (Stealth+).
Your rubbery body absorbs attacks. (AC +1, EV +1)


Message History

You slice the ancient lich!! You burn the ancient lich.
You destroy the ancient lich!
Dithmenos accepts your kill.
Your Throwing skill increases to level 3!
The tentacled monstrosity tentacle-slaps you! x2
The tentacled monstrosity tentacle-slaps you.
The tentacled monstrosity constricts you!
You slash the tentacled monstrosity! You burn the tentacled monstrosity.
The tentacled monstrosity is severely wounded.
The Killer Klown sucker-punches you with a +10 club of flaming!!
* * * LOW HITPOINT WARNING * * *
The Killer Klown burns you.
* * * LOW HITPOINT WARNING * * *
The tentacled monstrosity closely misses you.
You riposte.
You hit the tentacled monstrosity.
The tentacled monstrosity is almost dead.
You block the tentacled monstrosity's attack.
The tentacled monstrosity tentacle-slaps you!
* * * LOW HITPOINT WARNING * * *
You die...

................^.▓
.......y...........
....$Lp......?.....
.....X............!
........{..........
......^...........▓
▓▓...............▓
#▓▓▓▓▓▓▓▓▓▓▓##.....▓▓
###...........@p{.....##
##^...##.......?X.......##
##.^.###......^...........##
....###^..............^....#
...## #....................#
...# #.............^......#
..## #....................#
..# #....................#
..## #...............^....#


You could see a tentacled monstrosity and a Killer Klown.

Vanquished Creatures
  A curse toe (Zot)
  Harold (D:8)
  A golden dragon (D:10)
  A two-headed ogre (D:9)
  An orb of fire (Zot)
  2 death cobs (Zot)
  A storm dragon (D:10)
  9 Orb Guardians (Zot)
  An unseen horror (D:10)
  4 ancient liches (Zot)
  An obsidian statue (Zot)
  2 draconian scorchers
  Pikel (D:6)
  A hydra (D:10)
  A draconian shifter (D:10)
  2 bone dragons (D:10)
  The ghost of BigLord the Thaumaturge, a novice FeIE of Dithmenos (Zot)
  Joseph (D:9)
  Psyche (D:8)
  Maggie (D:8)
  3 green draconians
  A red draconian (D:10)
  2 yellow draconians
  2 trolls
  4 moths of wrath (Zot)
  A hippogriff (D:10)
  A slime creature (D:10)
  A spriggan (D:7)
  6 yaks (D:10)
  3 hungry ghosts
  3 orc warriors
  3 sky beasts
  A slave (D:6)
  5 ice beasts
  3 black bears
  3 ogres
  3 phantoms (D:5)
  8 centaurs
  2 big kobolds (D:10)
  9 bullfrogs
  5 scorpions
  A water moccasin skeleton (D:9)
  21 killer bees
  4 howler monkeys
  A jelly (D:10)
  3 centaur zombies
  3 hounds (D:7)
  4 orc wizards
  5 orc priests
  3 bullfrog skeletons
  6 bullfrog zombies
  An iguana (D:9)
  4 worker ants
  A hound skeleton (D:4)
  A howler monkey zombie (D:5)
  2 worker ant zombies (D:5)
  4 adders
  A shadow imp (D:2)
  An adder skeleton (D:4)
  6 worms
  5 dart slugs
  3 leopard geckos
  27 orcs
  8 bats
  3 giant cockroaches
  4 goblins
  10 hobgoblins
  5 jackals
  19 kobolds
  3 quokkas
  2 ball pythons (D:1)
  4 frilled lizards
  5 rats
273 creatures vanquished.

Vanquished Creatures (collateral kills)
  A yellow draconian (Zot)
1 creature vanquished.

Vanquished Creatures (others)
  A slave (D:6)
  An orc (D:5)
2 creatures vanquished.

Grand Total: 276 creatures vanquished

Notes
Turn   | Place    | Note
-------+----------+-------------------------------------------
     0 | D:1      | Dorkslayer the Octopode Fighter began the quest for the
                  | Orb.
     0 | D:1      | Reached XP level 1. HP: 16/16 MP: 1/1
   256 | D:1      | Reached XP level 2. HP: 21/21 MP: 2/2
   950 | D:2      | Got Sif Muna's Incunabulum of Supportive Poisoning
   968 | D:2      | Reached XP level 3. HP: 26/26 MP: 3/3
   973 | D:2      | Reached skill level 1 in Stealth
  1075 | D:2      | Reached XP level 4. HP: 18/31 MP: 4/4
  1502 | D:2      | Found a staircase to the Ecumenical Temple.
  1508 | Temple   | Entered the Ecumenical Temple
  2044 | D:3      | Identified the +0 hat "Janeapn" {rElec rC- MR+++ Int+2}
                  | (You acquired it on level 3 of the Dungeon)
  2128 | D:3      | Found a shimmering blue altar of Sif Muna.
  2129 | D:3      | Found a shadowy altar of Dithmenos.
  2133 | D:3      | Became a worshipper of Dithmenos the Shadowed
  2201 | D:3      | Reached XP level 5. HP: 10/36 MP: 5/5
  2443 | D:3      | Identified the ring "Zoynt" {AC+2 Str+3 Int-3 Dex+2} (You
                  | acquired it on level 3 of the Dungeon)
  3156 | D:4      | Reached skill level 3 in Long Blades
  3288 | D:4      | Reached * piety under Dithmenos
  3313 | D:4      | Reached skill level 1 in Invocations
  3313 | D:4      | Reached XP level 6. HP: 24/43 MP: 6/6
  3578 | D:4      | Found a snail-covered altar of Cheibriados.
  3726 | D:5      | Entered Level 5 of the Dungeon
  3744 | D:5      | Reached skill level 4 in Long Blades
  3944 | D:5      | Noticed a phantom
  3958 | D:5      | Reached XP level 7. HP: 32/48 MP: 8/8
  4191 | D:5      | Reached skill level 5 in Long Blades
  4228 | D:5      | Reached XP level 8. HP: 17/54 MP: 9/9
  4234 | D:5      | Reached ** piety under Dithmenos
  4234 | D:5      | Reached skill level 6 in Long Blades
  5056 | D:6      | Noticed Pikel
  5061 | D:6      | Reached skill level 5 in Stealth
  5078 | D:6      | Reached skill level 7 in Long Blades
  5078 | D:6      | Reached skill level 1 in Evocations
  5085 | D:6      | Killed Pikel
  5085 | D:6      | Reached skill level 5 in Fighting
  5085 | D:6      | Reached skill level 1 in Throwing
  5085 | D:6      | Reached XP level 9. HP: 61/61 MP: 11/11
  5425 | D:7      | Reached skill level 8 in Long Blades
  6001 | D:8      | Reached skill level 9 in Long Blades
  6025 | D:8      | Noticed Harold
  6031 | D:8      | Killed Harold
  6031 | D:8      | Reached XP level 10. HP: 38/68 MP: 13/13
  6036 | D:8      | Found Wedec's General Store.
  6040 | D:8      | Noticed Psyche
  6105 | D:8      | Found Fiogguv's Magic Scroll Emporium.
  6224 | D:8      | Bought a scroll of enchant weapon for 112 gold pieces
  6224 | D:8      | Bought a scroll of summoning for 142 gold pieces
  6258 | D:8      | Killed Psyche
  6258 | D:8      | Reached skill level 10 in Long Blades
  6258 | D:8      | Reached skill level 5 in Invocations
  6263 | D:8      | Found an ancient bone altar of Kikubaaqudgha.
  6300 | D:8      | Noticed Maggie
  6310 | D:8      | Killed Maggie
  6435 | D:8      | Found a basalt altar of Yredelemnul.
  6440 | D:8      | Reached *** piety under Dithmenos
  6446 | D:8      | Noticed a profane servitor
  6459 | D:8      | Found a glowing golden altar of the Shining One.
  6461 | D:8      | Noticed an angel
  6646 | D:9      | Noticed Joseph
  6939 | D:9      | Noticed a two-headed ogre
  6951 | D:9      | Killed a two-headed ogre
  6951 | D:9      | Reached XP level 11. HP: 31/74 MP: 15/15
  7151 | D:9      | Reached skill level 11 in Long Blades
  7170 | D:9      | Reached skill level 5 in Evocations
  7403 | D:9      | Identified the +1 ring mail "Quothraer" {Slay+6}
  7444 | D:9      | Killed Joseph
  7444 | D:9      | Reached skill level 5 in Shields
  7989 | D:10     | Entered Level 10 of the Dungeon
  8028 | D:10     | Noticed a storm dragon
  8029 | D:10     | Noticed a golden dragon
  8030 | D:10     | Noticed a seven-headed hydra
  8035 | D:10     | Killed a storm dragon
  8048 | D:10     | Killed a golden dragon
  8055 | D:10     | Reached skill level 5 in Dodging
  8061 | D:10     | Killed a six-headed hydra
  8061 | D:10     | Noticed a white draconian shifter
  8068 | D:10     | Identified the cursed +3 hand axe "Sysmad" {pain, MR+}
  8071 | D:10     | Reached **** piety under Dithmenos
  8235 | D:10     | Killed an unseen horror
  8968 | D:10     | Reached skill level 1 in Unarmed Combat
  8998 | D:10     | Reached skill level 12 in Long Blades
  9003 | D:10     | Reached XP level 12. HP: 82/82 MP: 17/17
  9325 | D:10     | Found a gate to the Realm of Zot.
  9446 | Zot      | Entered the Realm of Zot
  9446 | Zot      | Noticed a death cob
  9454 | Zot      | Killed a death cob
  9510 | Zot      | Found a runed translucent gate.
  9510 | Zot      | Found a runed translucent gate.
  9511 | Zot      | Found an opulent altar of Gozag.
  9512 | Zot      | Found a runed translucent gate.
  9514 | Zot      | Found Epatapn's Assorted Antiques.
  9514 | Zot      | Noticed BigLord's ghost (novice FeIE)
  9523 | Zot      | Killed BigLord's ghost
  9535 | Zot      | Noticed a sun demon
  9606 | Zot      | Bought a potion of stabbing for 156 gold pieces
  9606 | Zot      | Bought a wand of flame (14) for 312 gold pieces
  9606 | Zot      | Bought a scroll of silence for 292 gold pieces
  9738 | Zot      | Noticed a death cob
  9741 | Zot      | Killed a death cob
  9781 | Zot      | Noticed a curse toe
  9797 | Zot      | Killed a curse toe
  9841 | Zot      | Reached ***** piety under Dithmenos
  9852 | Zot      | Reached skill level 5 in Unarmed Combat
  9852 | Zot      | Reached XP level 13. HP: 71/89 MP: 17/19
  9861 | Zot      | Reached skill level 13 in Long Blades
 10178 | Zot      | Reached skill level 10 in Stealth
 10186 | Zot      | Noticed an orb of fire
 10191 | Zot      | Killed an orb of fire
 10208 | Zot      | Noticed an ancient lich
 10443 | Zot      | Noticed an ancient lich
 10443 | Zot      | Noticed an ancient lich
 10444 | Zot      | Noticed an ancient lich
 10446 | Zot      | Noticed an ancient lich
 10449 | Zot      | Killed an ancient lich
 10458 | Zot      | Killed an ancient lich
 10462 | Zot      | Killed an ancient lich
 10467 | Zot      | Killed an ancient lich
 10468 | Zot      | Slain by a tentacled monstrosity

Levels and vault maps discovered:
D:1:      lemuel_arrival_tunnels, layout_loops_corners, amethyst_killhole,
          minivault_4
D:2:      layout_loops_ring, minmay_temple_entry_wispy, serial_glass,
          glass_columns_a, glass_columns_a, glass_columns_a, glass_columns_c,
          glass_columns_c, glass_columns_b, glass_columns_b, glass_columns_a,
          glass_columns_a, glass_columns_a, first_ration
D:3:      layout_basic, gammafunk_temple_overflow_statue
D:4:      layout_cave_pools, kennysheep_mini_moat
D:5:      layout_cave_pools
D:6:      layout_rooms, uniq_pikel
D:7:      layout_loops_ring, the_bakery
D:8:      layout_rooms, grunt_temple_overflow_holy_war, lemuel_doored_altar,
          serial_shops, shop, minmay_shop_grid_forest, uniq_psyche, uniq_harold,
          uniq_maggie
D:9:      layout_irregular_city, uniq_joseph
D:10:     evilmike_zot_entry_diamond, layout_basic, minmay_diamond_spiral
Temple:   eino_temple_scatter_basement
Zot:      layout_onion_interference, ebering_ghost_gozag

Skill      XL: |  1  2  3  4  5  6  7  8  9 10 11 12 13 |
---------------+----------------------------------------+-----
Stealth        | 1 2 3 4 5 7 8 9 10 | 10.4
Long Blades    | 3 4 5 7 9 10 12 13 | 13.3
Invocations    | 1 2 3 4 5 7 8 |  8.4
Fighting       | 4 5 6 7 8 |  8.9
Shields        | 4 5 6 |  6.0
Dodging        | 4 5 6 |  6.6
Evocations     | 2 4 6 7 |  7.8
Throwing       | 1 2 3 |  3.0
Unarmed Combat | 2 5 |  5.9
Short Blades   | |  0.6

Action                   |  1- 3 |  4- 6 |  7- 9 | 10-12 | 13-15 || total
-------------------------+-------+-------+-------+-------+-------++-------
Melee: Long sword        |    16 |       |       |       |       ||    16
       Constrict         |     8 |    30 |    19 |    37 |     3 ||    97
       Tentacles         |     8 |    15 |    24 |    52 |     6 ||   105
       Short sword       |    28 |    58 |       |       |       ||    86
       Punch             |       |     2 |     3 |    17 |     3 ||    25
       Scimitar          |       |    65 |   107 |   250 |    23 ||   445
Throw: Dart              |       |     2 |     8 |    29 |     2 ||    41
Evoke: Wand              |       |       |     5 |    15 |       ||    20
       Sack of spiders   |       |       |       |     2 |       ||     2
  Use: Scroll            |       |     4 |     1 |     8 |       ||    13
       Potion            |       |     1 |     4 |     5 |     2 ||    12
 Stab: Sleeping          |     7 |    23 |    16 |    14 |     2 ||    62
       Invisible         |       |       |     2 |     4 |       ||     6
       Paralysed         |       |       |     2 |       |       ||     2
       Confused          |       |       |     1 |       |       ||     1
       Distracted        |       |       |       |     3 |       ||     3
  Eat: Chunk             |       |     6 |     3 |     4 |       ||    13
       Ration            |       |     1 |     1 |     3 |     1 ||     6
Armor: Skin              |     5 |     7 |     2 |    13 |       ||    27
Dodge: Dodged            |    16 |    54 |    36 |   132 |    21 ||   259
Block: Kite shield       |    16 |    58 |    45 |   106 |     8 ||   233
       Rpst.: Long sword |     2 |       |       |       |       ||     2
       Scimitar          |       |     6 |    13 |    27 |     3 ||    49
